 Dungeon Crawl Stone Soup version 0.18.1-6-gd335043 (webtiles) character file.

33418 mistymad the Cleaver (level 13, -1/119 HPs)
             Began as a Minotaur Berserker on May 16, 2016.
             Was a High Priest of Trog.
             Slain by a catoblepas (6 damage)
             ... on level 6 of the Lair of Beasts.
             The game lasted 01:10:44 (16084 turns).

mistymad the Cleaver (Minotaur Berserker)          Turns: 16084, Time: 01:10:45

Health: -1/119     AC: 17    Str: 26    XL:     13   Next: 36%
Magic:  12/12      EV:  2    Int: 11    God:    Trog [*****.]
Gold:   797        SH:  0    Dex: 15    Spells: 0 memorised, 12 levels left

rFire  . . .     SeeInvis .     E - +1 war axe (drain)
rCold  . . .     Gourm    .     Y - +2 scale mail {rN+}
rNeg   + + +     Faith    .     u - +0 shield
rPois  ∞         Spirit   .     J - +1 hat {Int+3}
rElec  .         Dismiss  .     O - +2 cloak {rPois}
rCorr  .         Reflect  .     (no gloves)
SustAt .         Harm     .     n - +0 pair of boots
MR     ++...                    s - amulet of magic regeneration
Stlth  ..........               v - ring "Tariesch" {rPois rN+ Int+4 Dex+4}
                                N - ring of positive energy

@: petrified, regenerating, very resistant to hostile enchantments, extremely
unstealthy
A: retaliatory headbutt, horns 2
a: Berserk, Trog's Hand, Brothers in Arms, Burn Spellbooks, Renounce Religion


You were on level 6 of the Lair of Beasts.
You worshipped Trog.
Trog was extremely pleased with you.
You were near starving.

You visited 3 branches of the dungeon, and saw 18 of its levels.
You also visited: Sewer and Ossuary.

You collected 1270 gold pieces.
You spent 473 gold pieces at shops.

Inventory:

Hand Weapons
 E - a +1 war axe of draining (weapon)
 F - the +2 executioner's axe of Pandemonium {chop, rElec rC+ Int+4}
   (Trog gifted it to you on level 3 of the Lair of Beasts)

   It inflicts extra damage upon your enemies.
   It affects your intelligence (+4).
   It protects you from cold.
   It insulates you from electricity.
 W - a +4 battleaxe of chopping
Armour
 n - a +0 pair of boots (worn)
 u - a +0 shield (worn)
 J - a +1 hat of intelligence (worn)
 O - a +2 cloak of poison resistance (worn)
 Y - a +2 scale mail of positive energy (worn)
Jewellery
 h - an uncursed ring of fire
 s - an amulet of magic regeneration (around neck)
 v - the ring "Tariesch" (right hand) {rPois rN+ Int+4 Dex+4}
   (You found it on level 9 of the Dungeon)

   [ring of dexterity]

   It affects your intelligence (+4).
   It affects your dexterity (+4).
   It protects you from poison.
   It protects you from negative energy.
 D - an uncursed ring of protection from cold
 N - a ring of positive energy (left hand)
 R - an uncursed ring of resist corrosion
Wands
 d - a wand of teleportation (2/9)
 C - a wand of slowing (27/48)
 H - a wand of iceblast (4/15)
 L - a wand of digging (12/24)
 T - a wand of polymorph (11/24)
 U - a wand of flame (26/48)
Scrolls
 b - 7 scrolls of teleportation
 e - a scroll of brand weapon {unknown}
 l - 6 scrolls of remove curse
 o - 4 scrolls of enchant armour
 p - 4 scrolls of enchant weapon
 r - a scroll of blinking
 y - 5 scrolls of recharging
 K - a scroll of magic mapping
 V - a scroll of holy word
 X - a scroll of fog
Potions
 f - 5 potions of curing {unknown}
 j - 3 potions of cancellation {unknown}
 k - 2 potions of haste
 m - 2 potions of might {unknown}
 q - 4 potions of cure mutation {unknown}
 w - 5 potions of flight
 x - a potion of agility {unknown}
 z - 4 potions of magic {unknown}
 A - a potion of ambrosia {unknown}
 B - 4 potions of brilliance {unknown}
 I - a potion of mutation {unknown}
 M - 3 potions of heal wounds {unknown}
 P - 2 potions of beneficial mutation {unknown}
 Q - a potion of resistance
 S - a potion of berserk rage {unknown}
Comestibles
 a - 7 fruits
 c - 12 bread rations
 g - 8 meat rations
 i - 11 beef jerkies
 t - 5 slices of pizza
 G - 2 royal jellies


   Skills:
 + Level 12.6 Fighting
 + Level 13.9 Axes
 + Level 12.3 Armour
 + Level 10.9 Dodging
 + Level 11.5 Shields


You had 12 spell levels left.
You didn't know any spells.

Dungeon Overview and Level Annotations

Branches:
Dungeon (11/15)            Temple (1/1) D:5            Lair (6/8) D:11
 Shoals (0/4) Lair:4        Snake (0/4) Lair:5          Orc (0/2) D:11
  Slime: Lair:6-8

Altars:
Ashenzari
Cheibriados
Dithmenos
Elyvilon
Fedhas
Gozag
Kikubaaqudgha
Makhleb
Nemelex Xobeh
Okawaru
Pakellas
Qazlal
Ru
Sif Muna
Trog
Vehumet
Xom
Yredelemnul
Zin
The Shining One

Shops:
D:9 ?


Innate Abilities, Weirdness & Mutations

You reflexively headbutt those who attack you in melee.
You have a pair of horns on your head.


Message History

The catoblepas is heavily wounded.
You are engulfed in calcifying dust.
Your limbs have turned to stone.
The catoblepas gores you!
* * * LOW HITPOINT WARNING * * *
You have turned to stone.
You are engulfed in calcifying dust.
The catoblepas breathes a plume of calcifying dust at you.
The blast of calcifying dust hits you!
* * * LOW HITPOINT WARNING * * *
You are engulfed in calcifying dust.
The catoblepas breathes a plume of calcifying dust at you.
The blast of calcifying dust hits you! The catoblepas gores you.
* * * LOW HITPOINT WARNING * * *
The catoblepas gores you!
* * * LOW HITPOINT WARNING * * *
The catoblepas gores you!
* * * LOW HITPOINT WARNING * * *
The catoblepas gores you!
You die...

#.....[.<....#...P...P
...................♣..
#.....................
#..........P.#........
..####Y######...P...P
##.# #........
#####..### #..♣.....
#.#.##...#####.......
#§§§@Y.....# #.......
##.........P# #.......
#...>......## #.......
##.........# #.......
#...(......####.......
##...........###......
#.............#.......
##..........##.........
#...........P#.........


You could see a catoblepas.

Vanquished Creatures
  Rupert (Lair:5)
  Gastronok (Lair:3)
  A hydra (Lair:5)
  2 hill giants (D:11)
  A griffon (D:10)
  A cyclops (D:11)
  A torpor snail (Lair:6)
  3 black mambas
  5 spiny frogs
  4 komodo dragons
  A rime drake (Lair:5)
  A kobold demonologist (D:11)
  4 trolls
  Grinder (D:4)
  15 blink frogs
  Sigmund (D:3)
  A spriggan (Lair:2)
  27 yaks
  A wraith (D:11)
  2 wyverns (Lair:5)
  3 basilisks
  2 steam dragons
  7 hippogriffs
  6 water moccasins
  A black bear (Lair:1)
  7 orc warriors
  10 porcupines
  A sky beast (D:7)
  5 ice beasts
  2 wasps (D:11)
  An eye of draining (D:11)
  2 phantoms
  5 wolves (Lair:3)
  6 ogres
  2 centaurs
  11 crocodiles
  A big kobold (Sewer)
  Blork the orc (D:4)
  19 giant frogs
  A gnoll sergeant (D:5)
  3 scorpions
  19 killer bees
  4 wights (D:6)
  4 howler monkeys
  4 crimson imps
  2 wasp zombies
  2 centaur zombies (D:8)
  4 jellies
  8 orc priests
  Crazy Yiuf (D:7)
  2 giant frog skeletons
  A giant frog zombie (D:8)
  4 hounds
  16 orc wizards
  3 centaur skeletons
  13 worker ants
  6 iguanas
  8 sheep (Lair:2)
  2 big kobold zombies (Ossuary)
  A hound zombie (D:11)
  A hound skeleton (D:6)
  8 mummies (Ossuary)
  2 howler monkey zombies
  A worker ant zombie (D:10)
  15 adders
  4 gnolls
  A howler monkey skeleton (D:4)
  48 river rats
  3 shadow imps
  2 adder skeletons
  A worm (D:3)
  9 giant geckos
  53 orcs
  A ball python (D:4)
  18 bats
  4 giant cockroaches
  A gnoll zombie (Ossuary)
  7 goblins
  8 hobgoblins
  13 jackals
  4 quokkas
  A giant gecko skeleton (D:6)
  7 giant newts
  2 goblin skeletons (D:5)
  4 hobgoblin zombies
  A jackal zombie (D:6)
  12 kobolds
  An orc skeleton (D:5)
  4 orc zombies
  A quokka zombie (D:4)
  26 rats
  A rat zombie (D:4)
  A spectral orc (D:7)
  7 fungi
  A plant (D:11)
547 creatures vanquished.

Vanquished Creatures (collateral kills)
  4 hydras
  2 komodo dragons
  A water moccasin (Lair:6)
  A crocodile (Lair:6)
  A statue (D:8)
9 creatures vanquished.

Vanquished Creatures (others)
  A jelly (D:7)
  4 fungi
  3 plants
8 creatures vanquished.

Grand Total: 564 creatures vanquished

Notes
Turn   | Place    | Note
--------------------------------------------------------------
     0 | D:1      | mistymad the Minotaur Berserker began the quest for the Orb.
     0 | D:1      | Reached XP level 1. HP: 19/19 MP: 0/0
    23 | D:1      | Reached XP level 2. HP: 13/27 MP: 1/1
   109 | D:1      | Reached skill level 4 in Axes
   409 | D:1      | Reached ** piety under Trog
   730 | D:2      | Reached XP level 3. HP: 30/33 MP: 2/2
   921 | D:2      | Reached XP level 4. HP: 40/40 MP: 3/3
   951 | D:2      | Reached skill level 5 in Axes
  1190 | D:3      | Noticed Sigmund
  1344 | D:3      | Killed Sigmund
  1344 | D:3      | Reached skill level 6 in Axes
  1344 | D:3      | Reached XP level 5. HP: 43/47 MP: 4/4
  1421 | D:3      | Reached XP level 6. HP: 49/55 MP: 5/5
  1442 | D:3      | Reached *** piety under Trog
  1466 | D:3      | Found a shimmering altar of Xom.
  1564 | D:3      | Found a bloodstained altar of Trog.
  2163 | D:4      | Found a sand-covered staircase.
  2179 | Ossuary  | Entered an ossuary
  2193 | Ossuary  | Reached skill level 1 in Shields
  2198 | Ossuary  | Reached skill level 5 in Fighting
  2460 | D:4      | Reached skill level 7 in Axes
  2460 | D:4      | Reached XP level 7. HP: 43/61 MP: 6/6
  2589 | D:4      | Noticed Grinder
  2610 | D:4      | Paralysed by Grinder for 2 turns
  2616 | D:4      | Killed Grinder
  2767 | D:4      | Noticed Blork the orc
  2780 | D:4      | Killed Blork the orc
  2780 | D:4      | Reached skill level 5 in Armour
  2943 | D:4      | Found Hyarghox's Food Boutique.
  2946 | D:4      | Bought a slice of pizza for 16 gold pieces
  2946 | D:4      | Bought a meat ration for 55 gold pieces
  2946 | D:4      | Bought a royal jelly for 22 gold pieces
  2946 | D:4      | Bought a meat ration for 55 gold pieces
  2946 | D:4      | Bought a slice of pizza for 16 gold pieces
  2946 | D:4      | Bought a meat ration for 55 gold pieces
  2946 | D:4      | Bought a slice of pizza for 16 gold pieces
  2946 | D:4      | Bought a bread ration for 55 gold pieces
  2946 | D:4      | Bought a royal jelly for 22 gold pieces
  3012 | D:4      | Reached XP level 8. HP: 70/70 MP: 7/7
  3015 | D:4      | Reached skill level 8 in Axes
  3328 | D:5      | Entered Level 5 of the Dungeon
  3338 | D:5      | Found a glowing golden altar of the Shining One.
  3461 | D:5      | Reached skill level 5 in Dodging
  3787 | D:5      | Found a staircase to the Ecumenical Temple.
  3794 | D:5      | Reached skill level 9 in Axes
  3800 | Temple   | Entered the Ecumenical Temple
  4533 | D:5      | Found a sacrificial altar of Ru.
  4571 | D:5      | Found a glowing silver altar of Zin.
  4571 | D:5      | Noticed an angel
  4772 | D:6      | Reached **** piety under Trog
  4805 | D:6      | Reached XP level 9. HP: 79/79 MP: 8/8
  4911 | D:6      | Found a glowing drain.
  4946 | Sewer    | Entered a sewer
  5092 | Sewer    | Reached skill level 5 in Shields
  5127 | Sewer    | Found a white marble altar of Elyvilon.
  5861 | D:7      | Found a shattered altar of Ashenzari.
  5861 | D:7      | Found a deep blue altar of Sif Muna.
  5861 | D:7      | Found a bloodstained altar of Trog.
  5953 | D:7      | Found an iron altar of Okawaru.
  6320 | D:7      | Noticed Crazy Yiuf
  6325 | D:7      | Killed Crazy Yiuf
  6414 | D:7      | Found a basalt altar of Yredelemnul.
  6480 | D:8      | Reached skill level 10 in Axes
  6679 | D:8      | Reached ***** piety under Trog
  6826 | D:8      | Reached XP level 10. HP: 90/90 MP: 9/9
  7221 | D:8      | Found a radiant altar of Vehumet.
  7363 | D:8      | Found an oddly glowing altar of Pakellas.
  8066 | D:9      | Found Vycva's Magic Scroll Shoppe.
  8104 | D:9      | Bought a scroll of holy word for 105 gold pieces
  8104 | D:9      | Bought a scroll of identify for 28 gold pieces
  8104 | D:9      | Bought a scroll of identify for 28 gold pieces
  8174 | D:9      | Got a transparent wooden ring
  8301 | D:9      | Identified the ring "Tariesch" {rPois rN+ Int+4 Dex+4} (You found it on level 9 of the Dungeon)
  8318 | D:9      | Found a radiant altar of Vehumet.
  8369 | D:9      | Reached skill level 11 in Axes
  8494 | D:9      | Found a shadowy altar of Dithmenos.
  8594 | D:10     | Entered Level 10 of the Dungeon
  8727 | D:10     | Noticed a griffon
  8739 | D:10     | Killed a griffon
  9100 | D:10     | Received a gift from Trog
  9296 | D:11     | Reached XP level 11. HP: 99/99 MP: 10/10
  9306 | D:11     | Reached skill level 10 in Fighting
  9396 | D:11     | Found a staircase to the Orcish Mines.
  9675 | D:11     | Found a staircase to the Lair.
  9871 | D:11     | Received a gift from Trog
 10081 | D:11     | Noticed a hill giant
 10088 | D:11     | Killed a hill giant
 10143 | D:11     | Noticed a hill giant
 10151 | D:11     | Killed a hill giant
 10153 | D:11     | Reached skill level 10 in Armour
 10235 | D:11     | Reached skill level 12 in Axes
 10308 | Lair:1   | Entered Level 1 of the Lair of Beasts
 11740 | Lair:2   | Noticed a five-headed hydra
 11800 | Lair:2   | Killed a seven-headed hydra
 12048 | Lair:2   | Reached XP level 12. HP: 106/110 MP: 11/11
 12154 | Lair:2   | Reached skill level 10 in Shields
 12652 | Lair:2   | Reached ****** piety under Trog
 13089 | Lair:3   | Reached skill level 13 in Axes
 13266 | Lair:3   | Received a gift from Trog
 13291 | Lair:3   | Got a fine executioner's axe {god gift}
 13299 | Lair:3   | Identified the +2 executioner's axe of Pandemonium {chop, rElec rC+ Int+4} (Trog gifted it to you on level 3 of the Lair of Beasts)
 13327 | Lair:3   | Noticed Gastronok
 13340 | Lair:3   | Killed Gastronok
 13340 | Lair:3   | Reached skill level 10 in Dodging
 13565 | Lair:3   | Noticed an eight-headed hydra
 13576 | Lair:3   | Killed an eight-headed hydra
 14233 | Lair:4   | Found a staircase to the Shoals.
 14713 | Lair:5   | Found a staircase to the Snake Pit.
 14777 | Lair:5   | Reached XP level 13. HP: 110/118 MP: 12/12
 15120 | Lair:5   | Received a gift from Trog
 15560 | Lair:6   | Noticed Rupert
 15587 | Lair:5   | Paralysed by Rupert for 6 turns
 15605 | Lair:5   | Killed Rupert
 16083 | Lair:6   | HP: 4/119 [catoblepas (5)]
 16084 | Lair:6   | Slain by a catoblepas

Skill      XL: |  1  2  3  4  5  6  7  8  9 10 11 12 13 |
---------------+----------------------------------------+-----
Axes           | 4 6 7 9 10 11 12 13 | 13.9
Fighting       | 4 5 7 8 9 11 12 | 12.6
Armour         | 3 4 5 7 9 10 11 12 | 12.3
Dodging        | 3 4 5 7 8 10 | 10.9
Shields        | 1 3 4 6 8 9 11 | 11.5

Action                   |  1- 3 |  4- 6 |  7- 9 | 10-12 | 13-15 || total
-------------------------+-------+-------+-------+-------+-------++-------
Melee: Hand axe          |    86 |     4 |       |       |       ||    90
       Headbutt          |     9 |    16 |    73 |   178 |    37 ||   313
       War axe           |       |    82 |   362 |   783 |    90 ||  1317
       Executioner's axe |       |       |       |    11 |       ||    11
Invok: Berserk           |       |     2 |     5 |     5 |     2 ||    14
       Trog's Hand       |       |     2 |     2 |     7 |     4 ||    15
       Burn Spellbooks   |       |       |     1 |     2 |     1 ||     4
       Brothers in Arms  |       |       |       |     3 |     2 ||     5
  Use: Scroll            |       |     4 |     2 |     9 |       ||    15
  Eat: Chunk             |       |     5 |    20 |    33 |     4 ||    62
       Fruit             |       |     1 |       |     1 |     3 ||     5
Armor: Animal skin       |    26 |     8 |       |       |       ||    34
       Chain mail        |       |    37 |   135 |       |       ||   172
       Ring mail         |       |       |    34 |   202 |    48 ||   284
       Scale mail        |       |       |       |       |    10 ||    10
       Skin              |       |       |       |       |     2 ||     2
Dodge: Dodged            |    59 |    26 |   115 |   345 |    99 ||   644
Block: Shield            |       |    17 |   165 |   426 |    91 ||   699
